 Dungeon Crawl Stone Soup version 0.30.0-19-g36f170ea60 (webtiles) character file.

Game seed: 4040919631614037264

6 PaiMei the Chiller (level 1, -1/13 HPs)
             Began as a Merfolk Ice Elementalist on May 30, 2023.
             Slain by a frilled lizard (3 damage)
             ... on level 1 of the Dungeon.
             The game lasted 00:00:31 (459 turns).

PaiMei the Chiller (Merfolk Ice Elementalist)        Turns: 459, Time: 00:00:31

Health: -1/13      AC:  2    Str:  8    XL:     1   Next: 90%
Magic:  1/3        EV: 13    Int: 14    God:
Gold:   0          SH:  0    Dex: 14    Spells: 3/4 levels left

rFire   . . .        d - +0 whip
rCold   . . .        (no shield)
rNeg    . . .        a - +0 robe
rPois   .            (no helmet)
rElec   .            (no cloak)
rCorr   .            (no gloves)
SInv    .            (no boots)
Will    .....        (no amulet)
Stlth   ++           (no ring)
HPRegen 0.22/turn    (no ring)
MPRegen 0.08/turn

%: no passive effects
@: no status effects
A: (nimble swimmer 2), mertail
a: no special abilities


You were on level 1 of the Dungeon.
You visited 1 branch of the dungeon, and saw 1 of its levels.

Inventory:

Hand Weapons
 d - a +0 whip (weapon)
Missiles
 c - 7 stones
Armour
 a - a +0 robe (worn)
Scrolls
 g - a scroll of butterflies {unknown}
 h - a scroll of poison {unknown}
Potions
 b - a potion of magic
 e - a potion of flight {unknown}
 f - a potion of heal wounds {unknown}


   Skills:
 + Level 2.9 Dodging
 + Level 2.4 Stealth
 + Level 2.1 Spellcasting
 + Level 4.4 Ice Magic


You had 3 spell levels left.
You knew the following spells:

 Your Spells              Type           Power      Damage    Failure   Level
a - Freeze                Ice            56%        1d7       3%          1

Your spell library contained the following spells:

 Spells                   Type           Power      Damage    Failure   Level
 Frozen Ramparts          Ice            28%        1d5       11%         3
 Ozocubu's Armour         Ice            14%        N/A       11%         3
 Summon Ice Beast         Ice/Summ       7%         N/A       67%         4


Dungeon Overview and Level Annotations

Branches:
Dungeon (1/15)

Altars:


Innate Abilities, Weirdness & Mutations

((You are very nimble when in or above water. (Stealth+, EV+, Speed+++)))
Your lower body shifts to a powerful aquatic tail in water.


Message History

The bat barely misses you.
An endoplasm comes into view.
Casting: Freeze (safe; 3% risk of failure)
Confirm with . or Enter, or press ? or * to list all spells.
Aiming: Freeze (safe; 3% risk of failure)
Press: ? - help, Shift-Dir - straight line, f/p - bat
Aim: a bat (moderately wounded)
You freeze the bat.
You kill the bat!
The endoplasm quivers.
Found a metallic amethyst potion.
A frilled lizard and a rat come into view.
The goblin attacks as you move away! The goblin hits you with a +0 dagger.
A kobold and a ball python come into view.
The ball python hisses angrily.
Casting: Freeze (safe; 3% risk of failure)
Confirm with . or Enter, or press ? or * to list all spells.
Aiming: Freeze (safe; 3% risk of failure)
Press: ? - help, Shift-Dir - straight line, f - goblin
Aim: a goblin, wielding a +0 dagger You freeze the goblin.
The goblin is heavily wounded.
The kobold shouts! x2; The frilled lizard hisses angrily.
The goblin hits you with a +0 dagger. The ball python bites you.
The ball python barely misses you. The kobold closely misses you.
The rat completely misses you. The goblin attacks as you move away!
The goblin misses you. The kobold hits you with a +0 whip.
The rat barely misses you.
The ball python attacks as you move away!
The ball python closely misses you. The ball python barely misses you.
The frilled lizard barely misses you. The rat attacks as you move away!
The rat barely misses you. The kobold attacks as you move away!
The kobold barely misses you.
The ball python attacks as you move away!
The ball python bites you.
* * * LOW HITPOINT WARNING * * *
The kobold attacks as you move away! The kobold hits you with a +0 whip.
* * * LOW HITPOINT WARNING * * *
The frilled lizard bites you.
You die...

#### ..####### #.....#. #.......#
#....... #@......# #.......
#Sl.....# #..J.... #K......#
#....... #.rS....# #.......
#..g.r..# #.†..... ##########
#.......###..K.... .........#####
#......K..........
######.......###...!...##...#.###
......###......############...###


You could see a goblin, 2 ball pythons, 2 kobolds, a frilled lizard and 2 rats.

Vanquished Creatures
  A dart slug (D:1)
  2 endoplasms (D:1)
  A bat (D:1)
4 creatures vanquished.

Notes
Turn   | Place    | Note
-------+----------+-------------------------------------------
     0 | D:1      | PaiMei the Merfolk Ice Elementalist began the quest for the
                  | Orb.
     0 | D:1      | Reached XP level 1. HP: 13/13 MP: 3/3
   459 | D:1      | Slain by a frilled lizard

Illustrated notes

Levels and vault maps discovered:
D:1:      dpeg_arrival_oval, layout_basic, nrook_mini_backslash,
          minmay_tetromino_s2

Action                     || total
---------------------------++-------
  Melee: Whip              ||     5
   Cast: Freeze            ||     9
 Armour: Robe              ||     1
  Dodge: Dodged            ||    15
